[Event "1000GM Spring IM-D 2024"]
[Site "New York"]
[Date "2024.03.31"]
[Round "8.1"]
[White "Mou, Iris"]
[Black "Lapshun, Yury"]
[Result "1/2-1/2"]
[ECO "C55"]
[WhiteElo "2216"]
[BlackElo "2332"]
[Annotator "RC"]
[PlyCount "156"]
[EventDate "2024.03.26"]
[EventType "tourn"]
[EventCountry "USA"]
[SourceTitle "playchess.com"]
[Source "ChessBase"]
[SourceQuality "1"]
[TimeControl "5400+30"]

1. e4 e5 2. Nf3 Nc6 3. Bc4 Nf6 4. d3 Be7 5. O-O O-O 6. Re1 d6 7. a4 Be6 8. a5 a6 9. Nc3 Qd7 10. Nd5 Bxd5 11. Bxd5 Nxd5 12. exd5 Nd4 13. c4 Nxf3+ 14. Qxf3 f5 15. b4 Bf6 16. Rb1 c6 17. Bb2 Rae8 18. h3 Rf7 19. Bc3 e4 20. dxe4 fxe4 21. Qg3 Bxc3 22. Qxc3 cxd5 23. cxd5 Qf5 24. Qd2 Re5 25. Rbd1 h5 26. Re3 h4 27. Qc2 Rfe7 28. Rde1 g6 29. Qc4 Kg7 30. Qc3 Kh7 31. Qc2 Kg8 32. Qc4 Kf7 33. R1e2 Kg7 34. Qc3 Kh7 35. Qc2 Kg8 36. Qc4 Kf8 37. Rd2 Kg7 38. Rde2 Kf7 39. Re1 Kg7 40. Qc3 Qf6 41. Qd4 g5 42. Rxe4 Rxe4 43. Rxe4 Qxd4 44. Rxd4 Re1+ 45. Kh2 Kf6 46. f4 Rb1 47. fxg5+ Kxg5 48. Re4 Kh5 49. Rg4 Rd1 50. Rg7 b6 51. axb6 Rxd5 52. Ra7 Rb5 53. Rxa6 Rxb4 54. Kg1 Rb2 55. Ra5+ Kg6 56. Ra6 Kg5 57. Kf1 Kf4 58. Ra4+ Kg5 59. Ra5+ Kg6 60. Ra6 Kf5 61. Ra4 Kg5 62. Ra6 Kf4 63. b7 Rb1+ 64. Kf2 Rb2+ 65. Kg1 Rb1+ 66. Kh2 Rxb7 67. Rxd6 Kg5 68. Rd5+ Kg6 69. Kg1 Rb2 70. Kf1 Ra2 71. Re5 Rb2 72. Re2 Rb3 73. Kf2 Kf5 74. Rc2 Rb5 75. Rc3 Ra5 76. Kf3 Rb5 77. Re3 Ra5 78. Rb3 Ke5 1/2-1/2

[Event "1000GM Spring IM-D 2024"]
[Site "New York"]
[Date "2024.03.31"]
[Round "8.2"]
[White "Polyik, Peter"]
[Black "Safranek, William"]
[Result "1/2-1/2"]
[ECO "A20"]
[WhiteElo "2295"]
[BlackElo "1950"]
[Annotator "ChessBase"]
[PlyCount "93"]
[EventDate "2024.03.26"]
[EventType "tourn"]
[EventCountry "USA"]
[SourceTitle "playchess.com"]
[Source "ChessBase"]
[SourceQuality "1"]
[TimeControl "5400+30"]

1. c4 e5 2. g3 Nf6 3. Bg2 d5 4. cxd5 Nxd5 5. Nf3 Nc6 6. O-O Be7 7. d4 exd4 8. Nxd4 Nxd4 9. Qxd4 Nf6 10. Qa4+ c6 11. Rd1 Qb6 12. Be3 Bc5 13. Bxc5 Qxc5 14. Nc3 O-O 15. Rac1 Qb6 16. Qc2 Re8 17. e4 Bg4 18. Re1 Rad8 19. h3 Be6 20. Kh2 Rd4 21. Rcd1 Red8 22. Rxd4 Rxd4 23. Rd1 h5 24. Na4 Qd8 25. Rxd4 Qxd4 26. Nc5 Bxa2 27. Nxb7 Bc4 28. Na5 Bd3 29. Nxc6 Bxc2 30. Nxd4 Bxe4 31. Bxe4 Nxe4 32. Kg2 a5 33. Kf3 Ng5+ 34. Ke3 Nxh3 35. Nb3 Kf8 36. Nxa5 Ke7 37. f4 g5 38. fxg5 Nxg5 39. Nc6+ Kd6 40. Nd4 Kd5 41. Ne2 Kc4 42. Nc1 f5 43. Ne2 Ne4 44. Kf4 Nxg3 45. Nxg3 Kb3 46. Nxh5 Kxb2 47. Kxf5 1/2-1/2

[Event "1000GM Spring IM-D 2024"]
[Site "New York"]
[Date "2024.03.31"]
[Round "8.3"]
[White "Yoo, Eugene"]
[Black "Rohde, Michael"]
[Result "1-0"]
[ECO "A55"]
[WhiteElo "2205"]
[BlackElo "2318"]
[Annotator "ChessBase"]
[PlyCount "57"]
[EventDate "2024.03.26"]
[EventType "tourn"]
[EventCountry "USA"]
[SourceTitle "playchess.com"]
[Source "ChessBase"]
[SourceQuality "1"]
[TimeControl "5400+30"]

1. d4 Nf6 2. c4 d6 3. Nc3 Nbd7 4. g3 e5 5. Nf3 c6 6. e4 Qa5 7. Bd2 Qb6 8. c5 dxc5 9. dxe5 Ng4 10. e6 fxe6 11. Ng5 Ndf6 12. h3 Ne5 13. f4 Nf7 14. h4 Be7 15. Bc4 Nd6 16. Bxe6 h6 17. Bxc8 hxg5 18. Be6 Nfxe4 19. Nxe4 Nxe4 20. Qc2 Nxd2 21. Qg6+ Kd8 22. O-O-O Kc7 23. Qxg7 Rad8 24. Rxd2 Rxd2 25. Kxd2 Re8 26. Rd1 Qb4+ 27. Kc1 Qe4 28. Qf7 Qb4 29. Qg7 1-0

[Event "1000GM Spring IM-D 2024"]
[Site "New York"]
[Date "2024.03.31"]
[Round "8.4"]
[White "Fedorowicz, John"]
[Black "Shangin, Lev"]
[Result "1-0"]
[ECO "A22"]
[WhiteElo "2372"]
[BlackElo "1994"]
[Annotator "RC"]
[PlyCount "55"]
[EventDate "2024.03.26"]
[EventType "tourn"]
[EventCountry "USA"]
[SourceTitle "playchess.com"]
[Source "ChessBase"]
[SourceQuality "1"]
[TimeControl "5400+30"]

1. c4 e5 2. Nc3 Nf6 3. Nf3 d6 4. g3 Be6 5. d4 Nbd7 6. d5 Bf5 7. Nh4 Bg4 8. h3 Bh5 9. Bg2 h6 10. Qc2 g5 11. Nf5 Bg6 12. e4 Bxf5 13. exf5 Be7 14. Bd2 a5 15. O-O-O Nc5 16. Kb1 Qd7 17. Bc1 O-O-O 18. g4 Rdg8 19. Be3 h5 20. f3 e4 21. Nb5 exf3 22. Bxf3 hxg4 23. hxg4 Qd8 24. Qc3 b6 25. Na7+ Kb7 26. Nc6 Qd7 27. Bxc5 dxc5 28. d6 1-0

[Event "1000GM Spring IM-D 2024"]
[Site "New York"]
[Date "2024.03.31"]
[Round "8.5"]
[White "Jakovljevic, Vlado"]
[Black "Ho, Cooper"]
[Result "1-0"]
[ECO "D06"]
[WhiteElo "2356"]
[BlackElo "2004"]
[Annotator "RC"]
[PlyCount "131"]
[EventDate "2024.03.26"]
[EventType "tourn"]
[EventCountry "USA"]
[SourceTitle "playchess.com"]
[Source "ChessBase"]
[SourceQuality "1"]
[TimeControl "5400+30"]

1. Nf3 d5 2. d4 Bf5 3. c4 e6 4. Nc3 Nf6 5. Nh4 Bg6 6. Qb3 Nc6 7. cxd5 exd5 8. Nxg6 hxg6 9. e3 a6 10. Bd2 Be7 11. Be2 Na5 12. Qa4+ c6 13. Nxd5 Qxd5 14. Bf3 Qd6 15. Bxa5 Rxh2 16. Rxh2 Qxh2 17. O-O-O Kf8 18. Qb3 b5 19. Qc2 Rc8 20. Kb1 Qd6 21. Rc1 Nd5 22. Qe4 Qe6 23. Bd2 Bb4 24. Qxe6 fxe6 25. Bxd5 Bxd2 26. Bxe6 Bxc1 27. Bxc8 Bd2 28. Kc2 Be1 29. f3 Ke7 30. Bxa6 Kd7 31. Kd3 Kd6 32. a3 Bf2 33. b3 Kc7 34. a4 bxa4 35. bxa4 Kb6 36. Bc4 Ka5 37. Bb3 Kb4 38. Bc2 Bg1 39. f4 Bh2 40. Ke2 g5 41. fxg5 c5 42. dxc5 Kxc5 43. Kf3 Be5 44. Ke4 Bc3 45. Kf5 Kd5 46. Bd3 Kd6 47. Bc4 Kc5 48. Bb3 Kb4 49. Bd1 Kc5 50. Ke4 Kd6 51. Bg4 Kc5 52. Bd7 Kd6 53. Bb5 Ke6 54. Kd3 Be1 55. Be8 Kd5 56. Bd7 Kc5 57. e4 Kd6 58. Bf5 Ba5 59. Kc4 Kc6 60. e5 Bd8 61. Be4+ Kd7 62. Kd5 Ke7 63. Bf5 Bc7 64. Bc2 Ba5 65. Bb3 Bc3 66. e6 1-0

[Event "1000GM Spring IM-D 2024"]
[Site "New York"]
[Date "2024.03.31"]
[Round "8.6"]
[White "Khodzhamkuliev, Bahadur"]
[Black "Cherukuri, Nitesh"]
[Result "1-0"]
[ECO "D03"]
[WhiteElo "2159"]
[BlackElo "2000"]
[Annotator "ChessBase"]
[PlyCount "107"]
[EventDate "2024.03.26"]
[EventType "tourn"]
[EventCountry "USA"]
[SourceTitle "playchess.com"]
[Source "ChessBase"]
[SourceQuality "1"]
[TimeControl "5400+30"]

1. Nf3 Nf6 2. d4 g6 3. Bg5 Bg7 4. Nbd2 O-O 5. c3 d5 6. e3 Nbd7 7. Be2 Re8 8. O-O e5 9. b4 c6 10. Rb1 e4 11. Ne1 h6 12. Bh4 g5 13. Bg3 Nf8 14. b5 Ng6 15. bxc6 bxc6 16. c4 a5 17. Qa4 Bd7 18. c5 Bf8 19. Nc2 h5 20. Rb7 Rc8 21. Rfb1 h4 22. Bb8 g4 23. R7b6 Be6 24. Ba6 Nd7 25. Bxc8 Nxb6 26. cxb6 Qxc8 27. Bc7 Qb7 28. Nb3 Qa6 29. Qxa5 Qe2 30. Qd2 Qa6 31. Na5 h3 32. g3 Bc8 33. a3 Bb7 34. Nxb7 Qxb7 35. Qa5 Rc8 36. Qe1 Ra8 37. Qc3 Ra4 38. Nb4 Ne7 39. Qb3 Ra5 40. Rc1 Ra8 41. Qd1 f5 42. Qb3 Ra5 43. Rc5 Rxc5 44. dxc5 Nc8 45. Qc3 Bg7 46. Qc2 Qa8 47. Qe2 Qa5 48. Qa6 Qxc5 49. Qxc8+ Kh7 50. Qxf5+ Kh8 51. Qh5+ Kg8 52. Qe8+ Kh7 53. Qxc6 Qf8 54. Bf4 1-0

[Event "1000GM Spring IM-D 2024"]
[Site "New York"]
[Date "2024.03.31"]
[Round "8.7"]
[White "Gaw, Chloe"]
[Black "Bonin, Jay"]
[Result "1/2-1/2"]
[ECO "E42"]
[WhiteElo "2092"]
[BlackElo "2154"]
[Annotator "RC"]
[PlyCount "54"]
[EventDate "2024.03.26"]
[EventType "tourn"]
[EventCountry "USA"]
[SourceTitle "playchess.com"]
[Source "ChessBase"]
[SourceQuality "1"]
[TimeControl "5400+30"]

1. d4 Nf6 2. c4 e6 3. Nc3 Bb4 4. e3 c5 5. Nge2 d5 6. a3 Bxc3+ 7. Nxc3 cxd4 8. exd4 dxc4 9. Bxc4 Nc6 10. d5 exd5 11. Nxd5 Be6 12. Nxf6+ Qxf6 13. Qe2 Nd4 14. Qe4 Rc8 15. Bxe6 Nc2+ 16. Kf1 fxe6 17. Bg5 Qf5 18. Qxf5 exf5 19. Rc1 Kf7 20. f3 h6 21. Bd2 Rhd8 22. Ke2 Nd4+ 23. Kf2 Nb3 24. Rxc8 Rxc8 25. Bc3 Rd8 26. Ke2 Nc5 27. Rd1 Rxd1 1/2-1/2

[Event "1000GM Spring IM-D 2024"]
[Site "New York"]
[Date "2024.03.31"]
[Round "8.8"]
[White "Urhegyi, Marton"]
[Black "Ho, Carter"]
[Result "0-1"]
[ECO "A06"]
[WhiteElo "2258"]
[BlackElo "2108"]
[Annotator "ChessBase"]
[PlyCount "116"]
[EventDate "2024.03.26"]
[EventType "tourn"]
[EventCountry "USA"]
[SourceTitle "playchess.com"]
[Source "ChessBase"]
[SourceQuality "1"]
[TimeControl "5400+30"]

1. Nf3 d5 2. b3 c5 3. Bb2 Nf6 4. e3 Nc6 5. Bb5 Bd7 6. Bxc6 Bxc6 7. Ne5 Qc7 8. O-O g6 9. f4 Bg7 10. Nxc6 Qxc6 11. d3 O-O 12. Nd2 b5 13. Qf3 Rac8 14. a4 c4 15. axb5 Qxb5 16. Bxf6 Bxf6 17. bxc4 dxc4 18. Rfb1 Qf5 19. g4 Qe6 20. d4 Rfd8 21. c3 Rc7 22. Ra4 Qd7 23. Ra5 Rc6 24. Rab5 Rb6 25. R5b4 Rxb4 26. Rxb4 a5 27. Rb1 Qa4 28. Qd1 Qc6 29. g5 Bg7 30. Kf2 h6 31. h4 Qe6 32. Qe2 Rc8 33. Kg3 f6 34. gxh6 Bxh6 35. e4 Kf7 36. Rb5 a4 37. Ra5 a3 38. Qf3 Qb6 39. Ra4 Qb2 40. Nxc4 Rxc4 41. Rxc4 a2 42. Ra4 a1=Q 43. Rxa1 Qxa1 44. h5 Qe1+ 45. Kh3 g5 46. fxg5 Bxg5 47. e5 Qe3 48. Qxe3 Bxe3 49. exf6 Kxf6 50. Kg4 Bd2 51. c4 Be3 52. d5 Ke5 53. h6 Bxh6 54. Kh5 Bd2 55. Kg6 Kd4 56. c5 Kxc5 57. Kf7 Kd6 58. Ke8 Bb4 0-1

[Event "1000GM Spring IM-D 2024"]
[Site "New York"]
[Date "2024.03.31"]
[Round "8.9"]
[White "Espinosa, Pedro"]
[Black "Zaderman, Vitaly"]
[Result "1-0"]
[ECO "E94"]
[WhiteElo "2229"]
[BlackElo "2177"]
[Annotator "ChessBase"]
[PlyCount "89"]
[EventDate "2024.03.26"]
[EventType "tourn"]
[EventCountry "USA"]
[SourceTitle "playchess.com"]
[Source "ChessBase"]
[SourceQuality "1"]
[TimeControl "5400+30"]

1. d4 Nf6 2. c4 g6 3. Nc3 Bg7 4. e4 O-O 5. Nf3 d6 6. Be2 e5 7. Be3 Nbd7 8. O-O c6 9. d5 c5 10. Ne1 a6 11. Rb1 Ne8 12. Nd3 f5 13. f3 f4 14. Bf2 g5 15. b4 b6 16. Qa4 Rf6 17. Rb2 h5 18. Rfb1 Kh7 19. Qd1 Rg6 20. Na4 Nef6 21. bxc5 bxc5 22. Nb6 Nxb6 23. Rxb6 g4 24. Bh4 Qf8 25. Rb8 Rxb8 26. Rxb8 gxf3 27. Bxf3 Ng4 28. Bf2 Ne3 29. Bxe3 fxe3 30. Bxh5 Rf6 31. Bf3 Bh6 32. Qe2 Qg8 33. Ne1 Rf8 34. Nc2 Qg5 35. Rb3 Bh3 36. Nxe3 Rg8 37. Nf5 Bxf5 38. exf5 Qc1+ 39. Kf2 Qh1 40. h3 Bf4 41. Bg4 Bh2 42. Qf1 Qxf1+ 43. Kxf1 a5 44. g3 a4 45. Rb7+ 1-0

[Event "1000GM Spring IM-D 2024"]
[Site "New York"]
[Date "2024.03.31"]
[Round "9.1"]
[White "Lapshun, Yury"]
[Black "Yoo, Eugene"]
[Result "1/2-1/2"]
[ECO "B32"]
[WhiteElo "2332"]
[BlackElo "2205"]
[Annotator "RC"]
[PlyCount "51"]
[EventDate "2024.03.26"]
[EventType "tourn"]
[EventCountry "USA"]
[SourceTitle "playchess.com"]
[Source "ChessBase"]
[SourceQuality "1"]
[TimeControl "5400+30"]

1. e4 c5 2. Nf3 Nc6 3. d4 cxd4 4. Nxd4 e5 5. Nb5 d6 6. N1c3 a6 7. Na3 Be6 8. Nc4 Rb8 9. Ne3 Nf6 10. g3 h5 11. h3 Nd4 12. Bg2 g6 13. Ncd5 Nxd5 14. Nxd5 Bxd5 15. exd5 Be7 16. O-O Bg5 17. c3 Nf5 18. Be4 Bxc1 19. Rxc1 h4 20. Bxf5 gxf5 21. g4 b5 22. Qe2 Rg8 23. f4 fxg4 24. fxe5 gxh3+ 25. Kh1 Qe7 26. Ra1 1/2-1/2

[Event "1000GM Spring IM-D 2024"]
[Site "New York"]
[Date "2024.04.01"]
[Round "9.2"]
[White "Ho, Cooper"]
[Black "Fedorowicz, John"]
[Result "1/2-1/2"]
[ECO "B33"]
[WhiteElo "2004"]
[BlackElo "2372"]
[Annotator "RC"]
[PlyCount "82"]
[EventDate "2024.03.26"]
[EventType "tourn"]
[EventCountry "USA"]
[SourceTitle "playchess.com"]
[Source "ChessBase"]
[SourceQuality "1"]
[TimeControl "5400+30"]

1. e4 c5 2. Nf3 Nc6 3. d4 cxd4 4. Nxd4 Qb6 5. Nb3 Nf6 6. Nc3 e6 7. a3 a6 8. Bf4 e5 9. Bg5 Be7 10. Be3 Qc7 11. g4 h6 12. Be2 d6 13. Rg1 g5 14. Qd2 Be6 15. f3 Na5 16. Nxa5 Qxa5 17. b4 Qc7 18. Nd5 Nxd5 19. exd5 Bd7 20. c4 a5 21. Kf2 h5 22. Kg2 f6 23. Rac1 hxg4 24. fxg4 axb4 25. axb4 b6 26. Rgd1 Ba4 27. Rf1 Bd7 28. Rfd1 Ba4 29. Rf1 Bd7 30. Ra1 Rb8 31. h3 O-O 32. Bd3 b5 33. Rfc1 bxc4 34. Rxc4 Qd8 35. Ra7 Ra8 36. Rxa8 Qxa8 37. Bb1 Bb5 38. Rc7 Bd8 39. Qc2 f5 40. Ra7 Qxd5+ 41. Kh2 Qf3 1/2-1/2

[Event "1000GM Spring IM-D 2024"]
[Site "New York"]
[Date "2024.03.31"]
[Round "9.3"]
[White "Cherukuri, Nitesh"]
[Black "Polyik, Peter"]
[Result "1-0"]
[ECO "B55"]
[WhiteElo "2000"]
[BlackElo "2295"]
[Annotator "RC"]
[PlyCount "39"]
[EventDate "2024.03.26"]
[EventType "tourn"]
[EventCountry "USA"]
[SourceTitle "playchess.com"]
[Source "ChessBase"]
[SourceQuality "1"]
[TimeControl "5400+30"]

1. e4 c5 2. Nf3 d6 3. d4 cxd4 4. Nxd4 Nf6 5. f3 e5 6. Nb3 d5 7. Bg5 d4 8. c3 Nc6 9. Bb5 dxc3 10. Qxd8+ Kxd8 11. Nxc3 Be6 12. O-O-O+ Kc7 13. Kb1 a6 14. Be2 Rd8 15. Rxd8 Nxd8 16. Rc1 Kb8 17. Na4 Bxb3 18. axb3 Ne6 19. Be3 b5 20. Nc5 1-0

[Event "1000GM Spring IM-D 2024"]
[Site "New York"]
[Date "2024.03.31"]
[Round "9.4"]
[White "Jakovljevic, Vlado"]
[Black "Mou, Iris"]
[Result "1/2-1/2"]
[ECO "D26"]
[WhiteElo "2356"]
[BlackElo "2216"]
[Annotator "RC"]
[PlyCount "33"]
[EventDate "2024.03.26"]
[EventType "tourn"]
[EventCountry "USA"]
[SourceTitle "playchess.com"]
[Source "ChessBase"]
[SourceQuality "1"]
[TimeControl "5400+30"]

1. Nf3 d5 2. d4 Nf6 3. c4 e6 4. Nc3 a6 5. e3 dxc4 6. Bxc4 b5 7. Bb3 Bb7 8. O-O Be7 9. Qe2 O-O 10. Rd1 Nbd7 11. a3 c5 12. dxc5 Qc7 13. e4 Nxc5 14. Bc2 Rfd8 15. Bg5 Rxd1+ 16. Rxd1 Rd8 17. Rxd8+ 1/2-1/2

[Event "1000GM Spring IM-D 2024"]
[Site "New York"]
[Date "2024.04.01"]
[Round "9.5"]
[White "Ho, Carter"]
[Black "Khodzhamkuliev, Bahadur"]
[Result "0-1"]
[ECO "B00"]
[WhiteElo "2108"]
[BlackElo "2159"]
[Annotator "RC"]
[PlyCount "76"]
[EventDate "2024.03.26"]
[EventType "tourn"]
[EventCountry "USA"]
[SourceTitle "playchess.com"]
[Source "ChessBase"]
[SourceQuality "1"]
[TimeControl "5400+30"]

1. e4 Nc6 2. d4 d6 3. d5 Nb8 4. Nc3 Nf6 5. h3 g6 6. Be3 Bg7 7. Qd2 c5 8. Nf3 O-O 9. O-O-O b5 10. Bxb5 Qa5 11. Bh6 Bh8 12. Bxf8 Kxf8 13. e5 Ne4 14. Nxe4 Qxb5 15. Nc3 Qb6 16. Qf4 Nd7 17. exd6 exd6 18. Ng5 Ne5 19. Rde1 h6 20. Qh4 Rb8 21. b3 Qb4 22. Nge4 Bf5 23. Qxh6+ Bg7 24. Qe3 c4 25. f4 Nd3+ 26. cxd3 cxb3 27. Kd2 bxa2 28. Ke2 Bxc3 29. Nxc3 Qxc3 30. Kf3 Qxd3 31. Qxd3 Bxd3 32. Ra1 Rb1 33. Rxa2 Rxh1 34. Rxa7 Bc4 35. Rd7 Bxd5+ 36. Kg3 Rg1 37. Rxd6 Rxg2+ 38. Kh4 Be6 0-1

[Event "1000GM Spring IM-D 2024"]
[Site "New York"]
[Date "2024.03.31"]
[Round "9.6"]
[White "Safranek, William"]
[Black "Zaderman, Vitaly"]
[Result "1-0"]
[ECO "B06"]
[WhiteElo "1950"]
[BlackElo "2177"]
[Annotator "RC"]
[PlyCount "47"]
[EventDate "2024.03.26"]
[EventType "tourn"]
[EventCountry "USA"]
[SourceTitle "playchess.com"]
[Source "ChessBase"]
[SourceQuality "1"]
[TimeControl "5400+30"]

1. e4 e5 2. Nf3 d6 3. d4 exd4 4. Nxd4 g6 5. Nc3 Bg7 6. Be3 Nc6 7. Qd2 Nge7 8. Bc4 a6 9. Nxc6 Nxc6 10. Bh6 O-O 11. O-O-O Be6 12. Bxg7 Kxg7 13. Nd5 Ne5 14. Bb3 c5 15. f4 Nc6 16. Rhf1 f5 17. Qc3+ Nd4 18. Rxd4 cxd4 19. Qxd4+ Kf7 20. exf5 gxf5 21. Re1 Bxd5 22. Bxd5+ Kg6 23. Re3 h5 24. Rg3+ 1-0

[Event "1000GM Spring IM-D 2024"]
[Site "New York"]
[Date "2024.03.31"]
[Round "9.7"]
[White "Bonin, Jay"]
[Black "Espinosa, Pedro"]
[Result "1-0"]
[ECO "D23"]
[WhiteElo "2154"]
[BlackElo "2229"]
[Annotator "RC"]
[PlyCount "120"]
[EventDate "2024.03.26"]
[EventType "tourn"]
[EventCountry "USA"]
[SourceTitle "playchess.com"]
[Source "ChessBase"]
[SourceQuality "1"]
[TimeControl "5400+30"]

1. d4 d5 2. Nf3 Nf6 3. c4 c6 4. Qb3 dxc4 5. Qxc4 Bf5 6. Nbd2 e6 7. g3 Nbd7 8. Bg2 Be7 9. O-O Ne4 10. Qb3 Qb6 11. Nc4 Qa6 12. Nfe5 Nxe5 13. Nxe5 Nd6 14. Re1 Be4 15. f3 Bd5 16. Qc2 Qb6 17. e3 Rc8 18. Nd3 O-O 19. b3 Bf6 20. Bb2 Rfd8 21. Nc5 Nf5 22. Rad1 Bg5 23. Qc3 Bxe3+ 24. Rxe3 Nxe3 25. Qxe3 Qc7 26. Bh3 b6 27. Nd3 a5 28. Nf4 a4 29. Nh5 Qe7 30. bxa4 Ra8 31. Ba3 c5 32. dxc5 Rxa4 33. Bb2 Qxc5 34. Bd4 Qc2 35. Rc1 Qg6 36. Nf4 Qh6 37. Bxb6 Rda8 38. Bd4 Rxa2 39. Qc3 Rd8 40. Qc7 Raa8 41. Qe5 Bxf3 42. Rc7 Qf6 43. Qxf6 gxf6 44. Bxf6 Rdc8 45. Nxe6 Rxc7 46. Nxc7 Rb8 47. Kf2 Bc6 48. Bf1 Rb7 49. Na6 Bb5 50. Nc5 Rb6 51. Bd4 Bxf1 52. Kxf1 Rd6 53. Be3 Rd5 54. Kf2 Rf5+ 55. Kg2 Rh5 56. h4 Rd5 57. Ne4 Kg7 58. Bf4 Ra5 59. Nd6 Ra3 60. g4 Rb3 1-0

[Event "1000GM Spring IM-D 2024"]
[Site "New York"]
[Date "2024.03.31"]
[Round "9.8"]
[White "Shangin, Lev"]
[Black "Urhegyi, Marton"]
[Result "1/2-1/2"]
[ECO "E12"]
[WhiteElo "1994"]
[BlackElo "2258"]
[Annotator "RC"]
[PlyCount "30"]
[EventDate "2024.03.26"]
[EventType "tourn"]
[EventCountry "USA"]
[SourceTitle "playchess.com"]
[Source "ChessBase"]
[SourceQuality "1"]
[TimeControl "5400+30"]

1. d4 e6 2. c4 b6 3. Nf3 Bb7 4. Bg5 Be7 5. Bxe7 Qxe7 6. Nc3 Nf6 7. e3 Ne4 8. Nxe4 Bxe4 9. Be2 O-O 10. O-O a5 11. Nd2 Bb7 12. Bf3 Bxf3 13. Qxf3 Nc6 14. a3 a4 15. Qg3 e5 1/2-1/2

[Event "1000GM Spring IM-D 2024"]
[Site "New York"]
[Date "2024.04.01"]
[Round "9.9"]
[White "Rohde, Michael"]
[Black "Gaw, Chloe"]
[Result "1-0"]
[ECO "D27"]
[WhiteElo "2318"]
[BlackElo "2092"]
[Annotator "RC"]
[PlyCount "121"]
[EventDate "2024.03.26"]
[EventType "tourn"]
[EventCountry "USA"]
[SourceTitle "playchess.com"]
[Source "ChessBase"]
[SourceQuality "1"]
[TimeControl "5400+30"]

1. Nf3 d5 2. d4 Nf6 3. c4 dxc4 4. e3 e6 5. Bxc4 c5 6. O-O a6 7. a4 Nc6 8. Qe2 cxd4 9. Rd1 Be7 10. exd4 O-O 11. Nc3 Nb4 12. Ne5 Nfd5 13. Ne4 Bd7 14. Ra3 Be8 15. Rg3 Kh8 16. Qg4 g6 17. Ng5 Nf6 18. Qh3 Nh5 19. Be2 Bxg5 20. Bxg5 Nxg3 21. Bxd8 Nxe2+ 22. Kf1 Rxd8 23. Qa3 a5 24. Kxe2 Bc6 25. Nc4 b6 26. Nxb6 Kg8 27. Nc4 Nc2 28. Qc3 Bxa4 29. b3 Bxb3 30. Qxb3 Nxd4+ 31. Rxd4 Rxd4 32. Nxa5 Rc8 33. Nc6 Rd7 34. Ne5 Rdc7 35. g3 Rc1 36. Qb7 R8c7 37. Qb6 R1c5 38. Kf1 Rc8 39. Ng4 h5 40. Nf6+ Kh8 41. Qd6 R5c6 42. Qf4 Kg7 43. Qg5 Rc5 44. Nxh5+ Kg8 45. Nf6+ Kg7 46. Qh4 Rf5 47. Ng4 Rh8 48. Qe7 Ra8 49. Qb4 Raa5 50. Qc3+ Kf8 51. Nh6 Rh5 52. Qh8+ Ke7 53. Qg7 Rxh2 54. Qxf7+ Kd6 55. Qf4+ Kd7 56. Qd4+ Rd5 57. Qg7+ Kd6 58. Ng4 Rh1+ 59. Kg2 Rc1 60. Qf8+ Kc7 61. Qf4+ 1-0